 Dungeon Sprint DCSS version 0.32-a0-900-g30fb1b0edc (webtiles) character file.

Game seed: 9911408548945097442

4600000 Griffin23 the Axe Maniac (level 26, -15/242 HPs)
             Began as a Formicid Warper on Apr 6, 2024.
             Was the Champion of Makhleb.
             Demolished by The Servant
             ... wielding a +9 glaive of flaming
              (37 damage)
             ... in the Dungeon (Sprint VIII: "Arena of Blood").
             The game lasted 00:04:17 (46 turns).

Griffin23 the Axe Maniac (Formicid Warper)            Turns: 46, Time: 00:04:17

Health: -15/242    AC:  6    Str: 23    XL:     26   Next: 5%
Magic:  26/54      EV: 26    Int: 16    God:    Makhleb [******]
Gold:   0          SH:  0    Dex: 15    Spells: 79/79 levels left

rFire   . . .        g - +∞ Axe of Woe
rCold   . . .        (no shield)
rNeg    . . .        b - +0 leather armour
rPois   .            (helmet unavailable)
rElec   .            (no cloak)
rCorr   .            (no gloves)
SInv    +            (no boots)
Will    ++...        (no amulet)
Stlth   +++++++++    (no ring)
HPRegen 0.60/turn    (no ring)
MPRegen 0.34/turn

%: no passive effects
@: no status effects
A: permanent stasis, dig shafts and tunnels, antennae 3, four strong arms
a: Dig, Renounce Religion, Minor Destruction, Lesser Servant of Makhleb, Major
Destruction, Greater Servant of Makhleb


You were in the Dungeon.
You worshipped Makhleb.
Makhleb was exalted by your worship.
You visited 1 branch

Inventory:

Hand Weapons
 a - a +0 hand axe
 g - the +∞ Axe of Woe (weapon)
   (You found it in the Dungeon)
Missiles
 c - 7 darts of dispersal (quivered)
Armour
 b - a +0 leather armour (worn)
Potions
 d - a potion of curing
 e - a potion of heal wounds
 f - 2 potions of magic


   Skills:
 O Level 27 Fighting
 + Level 10.5(12.4) Short Blades
 + Level 10.5(12.4) Long Blades
 O Level 27 Axes
 O Level 27 Maces & Flails
 O Level 27 Polearms
 O Level 27 Staves
 + Level 10.5 Ranged Weapons
 O Level 27 Throwing
 O Level 27 Armour
 O Level 27 Dodging
 O Level 27 Stealth
 + Level 13.5 Shields
 O Level 27 Unarmed Combat
 O Level 27 Spellcasting
 + Level 9.7 Conjurations
 + Level 12.4 Hexes
 + Level 10.5 Summonings
 + Level 10.5 Necromancy
 O Level 27 Translocations
 + Level 10.5 Fire Magic
 + Level 10.5 Ice Magic
 + Level 8.1 Air Magic
 + Level 11.5 Earth Magic
 + Level 12.5 Alchemy
 O Level 27 Invocations
 + Level 10.6 Evocations
 + Level 9.8 Shapeshifting


You had 79 spell levels left.
You didn't know any spells.
Your spell library contained the following spells:

 Spells                   Type           Power      Damage    Failure   Level
 Lesser Beckoning         Tloc           100%       N/A       0%          2
 Teleport Other           Tloc           82%        N/A       0%          3
 Blink                    Tloc           Unusable   N/A       N/A         2
 Maxwell's Portable Pile  Tloc           Unusable   2d(13-38) N/A         3
 Vhi's Electric Charge    Tloc/Air       Unusable   N/A       N/A         4

Dungeon Overview and Level Annotations

Branches:
Dungeon (1/1)

Altars:
Makhleb

Annotations:
D The Servant


Innate Abilities, Weirdness & Mutations

You cannot be hasted, slowed, berserked, paralysed or teleported.
You can dig through walls and to a lower floor.
You have a pair of large antennae on your head. (SInv)
Your four strong arms can wield two-handed weapons with a shield.


Message History

The Servant convulses!
A sculptor of flesh comes into view. It is wielding a +9 great sword.
The large bag of meat is engulfed in blazing flames.
A large bag of meat comes into view. It is wielding a +9 giant spiked club.
A bag of meat comes into view. It is wielding a +9 war axe.
The meat berserker is engulfed in blazing flames.
Your base Short Blades skill gained 2 levels and is now at level 10!
Your base Long Blades skill gained 2 levels and is now at level 10!
Your Ranged Weapons skill gained 2 levels and is now at level 10!
Your Shields skill gained 3 levels and is now at level 13!
Your Conjurations skill gained 2 levels and is now at level 9!
Your Hexes skill gained 3 levels and is now at level 12!
Your Summonings skill gained 2 levels and is now at level 10!
Your Necromancy skill gained 2 levels and is now at level 10!
Your Fire Magic skill gained 2 levels and is now at level 10!
Your Ice Magic skill gained 2 levels and is now at level 10!
Your Air Magic skill gained 2 levels and is now at level 8!
Your Earth Magic skill gained 2 levels and is now at level 11!
Your Alchemy skill gained 3 levels and is now at level 12!
Your Evocations skill gained 2 levels and is now at level 10!
Your Shapeshifting skill gained 2 levels and is now at level 9!
You have reached level 26!
Unknown command.
You slash the bag of meat!
You fatally mangle the bag of meat.
You kill the bag of meat!
Makhleb accepts your kill.
You hit the meat berserker.
You cleave the meat berserker in twain.
You kill the meat berserker!
Makhleb accepts your kill.
You feel better.
You slice the bag of meat!!
You butcher the bag of meat messily.
You kill the bag of meat!
Makhleb accepts your kill.
You feel better.
You are engulfed in blazing flames.
A sculptor of flesh comes into view. It is wielding a +9 great sword.
The Servant hits you from afar with a +9 glaive of flaming!!!!
Ouch! That really hurt!
* * * LOW HITPOINT WARNING * * *
The Servant burns you!!!
You die...

...o..... .....O
#{.o..o.# ...o.. {
#....O..# ,......
.###.. ..o.###..O...
......###...........
......_......@o..o.
#...o§#§§§....#.
#_.<)o§§@°§....z
,#...)☼#§§§z..#.#
......_.)..O.......
......###.o..○.z..#.
.###.. ....###......
{{#....D..# {......
#.....V.# ,......
...ozO...{{......
......


You could see The Servant, an eight-headed meat hydra, a destroyer, 4 sculptors
of flesh, 5 large bags of meat and 11 bags of meat.

Vanquished Creatures
  4 vampire knights (D)
  17 ogres (D)
  2 two-headed ogres (D)
  51 orcs (D)
  A skeletal warrior (D)
75 creatures vanquished.

Notes
Turn   | Place    | Note
-------+----------+-------------------------------------------
     0 | D        | Found the +∞ Axe of Woe
     0 | D        | Griffin23 the Formicid Warper began the quest for the Orb.
     0 | D        | Reached XP level 1. HP: 16/16 MP: 3/3
     2 | D        | Noticed a bag of meat
     4 | D        | Became a worshipper of Makhleb the Destroyer
     5 | D        | Noticed a meat berserker
     6 | D        | Noticed a meat berserker
     8 | D        | Killed a meat berserker
     9 | D        | Reached skill level 27 in Axes
     9 | D        | Reached skill level 10 in Fighting
     9 | D        | Reached XP level 2. HP: 36/36 MP: 5/5
     9 | D        | Reached XP level 3. HP: 42/42 MP: 6/6
     9 | D        | Reached XP level 4. HP: 49/49 MP: 7/7
     9 | D        | Reached XP level 5. HP: 54/54 MP: 8/8
     9 | D        | Reached XP level 6. HP: 61/61 MP: 9/9
     9 | D        | Reached XP level 7. HP: 67/67 MP: 10/10
     9 | D        | Reached XP level 8. HP: 74/74 MP: 11/11
     9 | D        | Reached XP level 9. HP: 79/79 MP: 12/12
     9 | D        | Reached XP level 10. HP: 86/86 MP: 13/13
     9 | D        | Reached XP level 11. HP: 92/92 MP: 14/14
     9 | D        | Reached XP level 12. HP: 99/99 MP: 15/15
     9 | D        | Noticed a bag of meat
     9 | D        | Noticed a bag of meat
     9 | D        | Noticed a bag of meat
    10 | D        | Killed a meat berserker
    10 | D        | Reached * piety under Makhleb
    10 | D        | Noticed a meat berserker
    11 | D        | Reached XP level 13. HP: 132/132 MP: 16/16
    11 | D        | Noticed a bag of meat
    12 | D        | Killed a meat berserker
    13 | D        | Reached skill level 27 in Fighting
    13 | D        | Reached XP level 14. HP: 153/153 MP: 17/17
    15 | D        | Noticed a bag of meat
    15 | D        | Noticed a bag of meat
    15 | D        | Noticed a bag of meat
    16 | D        | Noticed a meat berserker
    17 | D        | Killed a bag of meat
    17 | D        | Killed a bag of meat
    17 | D        | Reached ** piety under Makhleb
    17 | D        | Noticed a bag of meat
    18 | D        | Reached XP level 15. HP: 159/159 MP: 18/18
    18 | D        | Noticed a meat berserker
    18 | D        | Killed a meat berserker
    18 | D        | Reached *** piety under Makhleb
    19 | D        | Reached XP level 16. HP: 167/167 MP: 19/19
    21 | D        | Killed a meat berserker
    21 | D        | Reached **** piety under Makhleb
    22 | D        | Reached skill level 27 in Dodging
    22 | D        | Reached XP level 17. HP: 174/174 MP: 20/20
    24 | D        | Noticed a large bag of meat
    24 | D        | Noticed a meat berserker
    26 | D        | Reached skill level 27 in Stealth
    26 | D        | Reached skill level 5 in Armour
    26 | D        | Reached ***** piety under Makhleb
    26 | D        | Noticed a meat berserker
    26 | D        | Noticed a meat berserker
    27 | D        | Killed a meat berserker
    27 | D        | Noticed a meat berserker
    28 | D        | Reached XP level 18. HP: 182/182 MP: 21/21
    28 | D        | Noticed a meat berserker
    29 | D        | Reached skill level 27 in Armour
    30 | D        | Reached ****** piety under Makhleb
    30 | D        | Noticed a large bag of meat
    31 | D        | Reached XP level 19. HP: 189/189 MP: 22/22
    31 | D        | Noticed a meat berserker
    31 | D        | Killed a meat berserker
    32 | D        | Reached XP level 20. HP: 197/197 MP: 23/23
    32 | D        | Noticed a meat berserker
    32 | D        | Noticed a meat berserker
    33 | D        | Killed a meat berserker
    33 | D        | Killed a meat berserker
    34 | D        | Noticed a destroyer
    34 | D        | Noticed a meat berserker
    34 | D        | Noticed a destroyer
    34 | D        | Noticed The Servant
    34 | D        | Noticed a large bag of meat
    35 | D        | Killed a meat berserker
    35 | D        | Noticed a meat berserker
    36 | D        | Reached XP level 21. HP: 149/204 MP: 24/24
    36 | D        | Killed a meat berserker
    37 | D        | Reached skill level 27 in Maces & Flails
    37 | D        | Reached skill level 27 in Polearms
    37 | D        | Reached skill level 27 in Throwing
    37 | D        | Reached skill level 27 in Unarmed Combat
    37 | D        | Reached skill level 5 in Spellcasting
    37 | D        | Reached skill level 5 in Translocations
    37 | D        | Reached skill level 5 in Invocations
    37 | D        | Reached XP level 22. HP: 212/212 MP: 24/29
    37 | D        | Killed a meat berserker
    37 | D        | Noticed a destroyer
    38 | D        | Killed a destroyer
    39 | D        | Reached skill level 15 in Translocations
    39 | D        | Reached XP level 23. HP: 219/219 MP: 24/44
    40 | D        | Killed a large bag of meat
    40 | D        | Killed a destroyer
    41 | D        | Reached skill level 27 in Invocations
    41 | D        | Reached XP level 24. HP: 189/227 MP: 24/52
    41 | D        | Noticed a large bag of meat
    41 | D        | Noticed a destroyer
    42 | D        | Noticed a large bag of meat
    43 | D        | Reached skill level 27 in Staves
    43 | D        | Reached skill level 27 in Spellcasting
    43 | D        | Reached skill level 27 in Translocations
    43 | D        | Reached skill level 1 in Short Blades
    43 | D        | Reached skill level 1 in Long Blades
    43 | D        | Reached skill level 1 in Ranged Weapons
    43 | D        | Reached skill level 1 in Conjurations
    43 | D        | Reached skill level 1 in Summonings
    43 | D        | Reached skill level 1 in Necromancy
    43 | D        | Reached skill level 1 in Fire Magic
    43 | D        | Reached skill level 1 in Ice Magic
    43 | D        | Reached skill level 1 in Air Magic
    43 | D        | Reached skill level 1 in Evocations
    43 | D        | Reached skill level 1 in Shapeshifting
    43 | D        | Reached XP level 25. HP: 234/234 MP: 25/54
    43 | D        | Killed a destroyer
    43 | D        | Noticed a large bag of meat
    43 | D        | Noticed a destroyer
    44 | D        | Reached skill level 5 in Air Magic
    44 | D        | Noticed a large bag of meat
    44 | D        | Killed a large bag of meat
    45 | D        | Reached skill level 10 in Shields
    45 | D        | Killed a destroyer
    45 | D        | Noticed a large bag of meat
    46 | D        | Reached skill level 10 in Short Blades
    46 | D        | Reached skill level 10 in Long Blades
    46 | D        | Reached skill level 10 in Ranged Weapons
    46 | D        | Reached skill level 10 in Summonings
    46 | D        | Reached skill level 10 in Necromancy
    46 | D        | Reached skill level 10 in Fire Magic
    46 | D        | Reached skill level 10 in Ice Magic
    46 | D        | Reached skill level 10 in Evocations
    46 | D        | Reached XP level 26. HP: 114/242 MP: 26/54
    46 | D        | Demolished by The Servant

Illustrated notes

Levels and vault maps discovered:
D:        meatsprint

Skill      XL: |  1  2  3  4  5  6  7  8  9 10 11 12 13 14 15 16 17 18 19 20 21 22 23 24 25 |
---------------+----------------------------------------------------------------------------+-----
Axes           | 27 | 27.0
Fighting       | 10 21 27 | 27.0
Dodging        | 3 14 23 27 | 27.0
Stealth        | 17 27 | 27.0
Armour         | 25 27 | 27.0
Maces & Flails | 13 16 24 27 | 27.0
Polearms       | 13 16 24 27 | 27.0
Throwing       | 13 16 24 27 | 27.0
Unarmed Combat | 13 16 24 27 | 27.0
Staves         | 4 17 25 27 | 27.0
Spellcasting   | 5 17 25 27 | 27.0
Translocations | 5 15 23 27 | 27.0
Invocations    | 5 19 27 | 27.0
Short Blades   | 1 10 | 10.5
Long Blades    | 1 10 | 10.5
Ranged Weapons | 1 10 | 10.5
Shields        | 2 13 | 13.5
Conjurations   | 1 9 |  9.7
Hexes          | 2 12 | 12.4
Summonings     | 1 10 | 10.5
Necromancy     | 1 10 | 10.5
Fire Magic     | 1 10 | 10.5
Ice Magic      | 1 10 | 10.5
Air Magic      | 1 8 |  8.1
Earth Magic    | 2 11 | 11.5
Alchemy        | 2 12 | 12.5
Evocations     | 1 10 | 10.6
Shapeshifting  | 1 9 |  9.8

Action                     |  1- 3 |  4- 6 |  7- 9 | 10-12 | 13-15 | 16-18 | 19-21 | 22-24 | 25-27 || total
---------------------------+-------+-------+-------+-------+-------+-------+-------+-------+-------++-------
  Melee: Executioner's axe |     1 |       |       |     1 |     3 |     9 |     5 |     5 |     4 ||    28
Ability: Dig               |       |       |       |       |       |     1 |       |       |       ||     1
 Armour: Leather armour    |       |       |       |     1 |       |     1 |     3 |     3 |     5 ||    13
  Dodge: Dodged            |       |       |       |       |       |     1 |     1 |       |       ||     2

Table legend: (Time is in decaauts)
 A = Elapsed time spent in this place.
 B = Non-inter-level travel time spent in this place.
 C = Inter-level travel time spent in this place.
 D = Time resting spent in this place.
 E = Time spent auto-exploring this place.
 F = Levels seen in this place.
 G = Mean time per level.
                   A        B        C        D        E       F      G
               +--------+--------+--------+--------+--------+-----+--------+
         Total |     38 |     38 |      0 |      0 |      0 |   1 |   38.0 |
       Dungeon |     38 |     38 |      0 |      0 |      0 |   1 |   38.0 |
               +--------+--------+--------+--------+--------+-----+--------+

Top non-repeatable levels by time:
       D: 38 daAuts
